 Dungeon Crawl Stone Soup version 0.31-a0-659-gc5a091b79a (webtiles) character file.

Game seed: 2644493838844924399

84 MacCMillion the Trooper (level 4, -1/40 HPs)
             Began as a Ghoul Fighter on Aug 31, 2023.
             Slain by a wight
             ... wielding a +3 long sword of freezing
              (4 damage)
             ... on level 3 of the Dungeon.
             The game lasted 00:02:25 (1956 turns).

MacCMillion the Trooper (Ghoul Fighter)             Turns: 1956, Time: 00:02:26

Health: -1/40      AC: 12    Str: 21    XL:     4   Next: 46%
Magic:  3/3        EV:  5    Int:  3    God:
Gold:   124        SH:  4    Dex:  8    Spells: 3/3 levels left

rFire   . . .        a - +0 war axe
rCold   + . .        c - +0 buckler
rNeg    + + +        m - +0 plate armour
rPois   ∞            (no helmet)
rElec   .            (no cloak)
rCorr   +            e - +0 pair of gloves
SInv    .            (no boots)
Will    .....        p - amulet of regeneration Stlth
                     h - ring of resist corrosion
HPRegen 0.00/turn    (no ring)
MPRegen 0.08/turn

%: no passive effects
@: inhibited regen
A: claws 1, cold resistance 1, negative energy resistance 3, inhibited
regeneration, torment resistance 2, devour on kill
a: no special abilities


You were on level 3 of the Dungeon.
You visited 1 branch of the dungeon, and saw 3 of its levels.

You collected 124 gold pieces.

Inventory:

Hand Weapons
 a - a +0 war axe (weapon)
Missiles
 f - 5 poisoned darts
 j - 2 datura-tipped darts
Armour
 b - a +0 scale mail
 c - a +0 buckler (worn)
 e - a +0 pair of gloves (worn)
 m - a +0 plate armour (worn)
Jewellery
 h - a ring of resist corrosion (left hand)
 p - an amulet of regeneration (around neck)
Scrolls
 i - a scroll of enchant weapon {unknown}
 l - 3 scrolls of identify {unknown}
 n - a scroll of fear {unknown}
 o - a scroll of brand weapon {unknown}
 q - a scroll of fog {unknown}
Potions
 d - 2 potions of might
 g - 2 potions of attraction {unknown}
 k - a potion of heal wounds {unknown}
 r - a potion of magic {unknown}


   Skills:
 + Level 4.0 Fighting
 + Level 2.5 Axes
 + Level 3.2 Armour
 + Level 3.2 Shields


You had 3 spell levels left.
You didn't know any spells.
Your spell library was empty.

Dungeon Overview and Level Annotations

Branches:
Dungeon (3/15)

Altars:
Cheibriados
Kikubaaqudgha


Innate Abilities, Weirdness & Mutations

You are immune to poison.
You have sharp fingernails.
Your flesh is cold resistant. (rC+)
You are immune to negative energy. (rN+++)
You do not regenerate when monsters are visible.
You are immune to unholy pain and torment.
You thrive by killing the living.


Message History

You kill the quokka!
No target in view!
No target in view!
Found a stone staircase leading down.
Found a club.
A wight comes into view.
It is wielding a +3 long sword of freezing.
Found 14 gold pieces.
You see here a +0 hand axe.
You closely miss the wight. The wight barely misses you.
The wight hits you but does no damage.
You slash the wight!
The wight is severely damaged.
The wight hits you with a +3 long sword of freezing.
You closely miss the wight.
The wight is severely damaged.
The wight hits you with a +3 long sword of freezing!
The wight freezes you.
You closely miss the wight.
The wight is severely damaged.
The wight hits you with a +3 long sword of freezing!
The wight hits you with a +3 long sword of freezing.
* * * LOW HITPOINT WARNING * * *
The wight freezes you.
* * * LOW HITPOINT WARNING * * *
You are too injured to fight recklessly!
You barely miss the wight.
The wight is severely damaged.
The wight hits you with a +3 long sword of freezing.
* * * LOW HITPOINT WARNING * * *
The wight freezes you.
* * * LOW HITPOINT WARNING * * *
You hit the wight but do no damage.
The wight is severely damaged.
The wight hits you but does no damage.
You barely miss the wight.
The wight is severely damaged.
The wight hits you with a +3 long sword of freezing.
* * * LOW HITPOINT WARNING * * *
The wight hits you with a +3 long sword of freezing.
You die...

#.~.~~~~†.# #
#P~~~~~~..#
.........
#P~P~.~~..#
#.....PP.
#.~.~~.~..#
##....P.~.
#...~.P..##
#....~P~~~
###.♣...##
#...P~~.~. ####.##
#....P~≈~~. #z#
##....~.≈≈~~
#@#####....P~~≈≈~.
#.##....#....~≈~~~
#.##.####...~~♣~~♣
#.##.# #..P~~~.~♣
#.#..# #...P~~~..
#.#.## #....♣.)..
#.#.# #.#....[.[
#)#.# #.#.....)<
#...# #)#.......


You could see a wight.

Vanquished Creatures
  3 adders (D:2)
  3 dart slugs
  6 orcs
  2 endoplasms
  2 goblins
  6 hobgoblins
  5 quokkas
  A ball python (D:3)
  6 bats
  3 frilled lizards
  5 kobolds
  5 rats
47 creatures vanquished.

Notes
Turn   | Place    | Note
-------+----------+-------------------------------------------
     0 | D:1      | MacCMillion the Ghoul Fighter began the quest for the Orb.
     0 | D:1      | Reached XP level 1. HP: 19/19 MP: 0/0
   107 | D:1      | Reached XP level 2. HP: 26/26 MP: 1/1
   708 | D:2      | Reached XP level 3. HP: 33/33 MP: 2/2
   913 | D:2      | Found a faded altar of an unknown god.
  1406 | D:2      | Reached XP level 4. HP: 40/40 MP: 3/3
  1524 | D:3      | Found an ancient bone altar of Kikubaaqudgha.
  1576 | D:3      | Found a snail-covered altar of Cheibriados.
  1715 | D:3      | Reached skill level 4 in Fighting
  1956 | D:3      | Slain by a wight

Illustrated notes

Levels and vault maps discovered:
D:1:      psy_arrival_dodecagon, layout_loops_cross
D:2:      layout_basic, chequers_ecumenical_altar_simple_redux,
          minmay_tromino_v4_b
D:3:      layout_rooms, mainiacjoe_overflow_large_starburst, serial_bayou,
          serial_bayou_pond_e, serial_bayou_pond_b, serial_bayou_pond_e,
          serial_bayou_pond_b

Skill      XL: |  1  2  3  4 |
---------------+-------------+-----
Axes           | 2 |  2.5
Armour         | 3 |  3.2
Shields        | 3 |  3.2
Fighting       | 4 |  4.0

Action                     |  1- 3 |  4- 6 || total
---------------------------+-------+-------++-------
  Melee: War axe           |    98 |    45 ||   143
 Armour: Scale mail        |    24 |       ||    24
         Plate armour      |    59 |    54 ||   113
  Dodge: Dodged            |    40 |    17 ||    57
  Block: Buckler           |    29 |    12 ||    41

Table legend: (Time is in decaauts)
 A = Elapsed time spent in this place.
 B = Non-inter-level travel time spent in this place.
 C = Inter-level travel time spent in this place.
 D = Time resting spent in this place.
 E = Time spent auto-exploring this place.
 F = Levels seen in this place.
 G = Mean time per level.
                   A        B        C        D        E       F      G
               +--------+--------+--------+--------+--------+-----+--------+
         Total |   2017 |   1989 |     28 |    220 |   1335 |   3 |  672.3 |
       Dungeon |   2017 |   1989 |     28 |    220 |   1335 |   3 |  672.3 |
               +--------+--------+--------+--------+--------+-----+--------+

Top non-repeatable levels by time:
     D:2: 993 daAuts
     D:1: 677 daAuts
     D:3: 346 daAuts
